 Dungeon Crawl Stone Soup version 0.22.1-1-ga44c0e5 (webtiles) character file.

92884 harcile the Fencer (level 16, 0/167 HPs)
             Began as a Hill Orc Berserker on Sept 15, 2018.
             Was the Champion of Trog.
             Slain by a spriggan druid
             ... wielding a +0 quarterstaff
              (2 damage)
             ... on level 4 of the Swamp on Sept 21, 2018.
             The game lasted 01:31:25 (24289 turns).

harcile the Fencer (Hill Orc Berserker)            Turns: 24289, Time: 01:31:27

Health: 0/167      AC: 42    Str: 27    XL:     16   Next: 7%
Magic:  16/16      EV:  7    Int:  7    God:    Trog [******]
Gold:   1008       SH: 18    Dex: 12    Spells: 15/15 levels left

rFire    + . .     SeeInvis .   b - +5 double sword (protect)
rCold    + . .     Gourm    .   P - +0 large shield
rNeg     . . .     Faith    .   A - +10 plate armour "Semoz" {rF+ rC+}
rPois    +         Spirit   .   U - +2 helmet
rElec    .         Reflect  .   k - +0 cloak
rCorr    .         Harm     .   j - +0 pair of gloves
MR       ++...     Clarity  +   O - +1 pair of boots
Stlth    ..........             (no amulet)
HPRegen  0.37/turn              p - ring of poison resistance
MPRegen  0.15/turn              v - ring "Gimmycem" {MR+ Str+2}

@: about to teleport, protection aura, berserk cooldown, slowed, very slow
A: hooves 2, clarity, robust 1
a: Berserk, Trog's Hand, Brothers in Arms, Renounce Religion


You were on level 4 of the Swamp.
You worshipped Trog.
Trog was exalted by your worship.
You were not hungry.

You visited 4 branches of the dungeon, and saw 25 of its levels.

You collected 2205 gold pieces.
You spent 1197 gold pieces at shops.

Inventory:

Hand Weapons
 a - a +4 triple sword
 b - a +5 double sword of protection (weapon)
 o - a +4 antimagic great sword
 t - the +8 long sword of the Living Dead {freeze, -Tele rN+ Int+8}
   (Trog gifted it to you on level 4 of the Lair of Beasts)

   It has been specially enchanted to freeze those struck by it, causing extra
   injury to most foes and up to half again as much damage against particularly
   susceptible opponents.
   It can also slow down cold-blooded creatures.
   It affects your intelligence (+8).
   It protects you from negative energy.
   It prevents most forms of teleportation.
 T - a +3 great sword of slicing
Armour
 j - a +0 pair of gloves (worn)
 k - a +0 cloak (worn)
 u - a +0 shield
 A - the +10 plate armour "Semoz" (worn) {rF+ rC+}
   (You found it on level 7 of the Dungeon)

   It protects you from fire.
   It protects you from cold.
 O - a +1 pair of boots (worn)
 P - a +0 large shield (worn)
 U - a +2 helmet (worn)
 Y - the +0 robe of the Learner {rPois rCorr, unknown}
   (You found it on level 4 of the Swamp)

   It protects you from poison.
   It provides partial protection from all sources of acid and corrosion.
Jewellery
 p - a ring of poison resistance (left hand)
 r - an uncursed ring of ice
 v - the ring "Gimmycem" (right hand) {MR+ Str+2}
   (You bought it in a shop on level 2 of the Orcish Mines)

   [ring of protection from magic]

   It affects your strength (+2).
   It affects your resistance to hostile enchantments.
 D - an uncursed ring of see invisible
 J - a +4 ring of protection
 L - an uncursed ring of stealth
 R - an uncursed ring of positive energy
 S - a +4 ring of strength
 V - a +5 ring of dexterity
 X - an uncursed ring of teleportation
Wands
 s - a wand of acid (4)
 C - a wand of paralysis (30)
 G - a wand of disintegration (11)
 H - a wand of polymorph (11)
 N - a wand of iceblast (15)
Scrolls
 e - 14 scrolls of identify
 h - 3 scrolls of fear
 l - 7 scrolls of teleportation
 m - 8 scrolls of remove curse
 y - 2 scrolls of immolation
 F - a scroll of enchant armour
 I - 4 scrolls of blinking
Potions
 f - 4 potions of heal wounds
 g - 3 potions of berserk rage
 i - 2 potions of mutation
 n - 8 potions of curing
 q - 4 potions of haste
 w - 6 potions of might
 x - a potion of invisibility
 z - 2 potions of flight
 E - 2 potions of agility
 M - a potion of magic
Miscellaneous
 d - a lamp of fire
 B - a fan of gales
 K - a crystal ball of energy
Comestibles
 c - 37 rations


   Skills:
 + Level 16.3 Fighting
 + Level 18.9 Long Blades
 + Level 13.9 Armour
 + Level 4.6 Dodging
 + Level 1.9 Stealth
 + Level 9.3 Shields


You had 15 spell levels left.
You didn't know any spells.
Your spell library was empty.

Dungeon Overview and Level Annotations

Branches:
Dungeon (15/15)            Temple (0/1) D:7            Lair (4/6) D:10
  Swamp (4/4) Lair:4       Spider (0/4) Lair:3          Orc (2/2) D:11
    Elf (0/3) Orc:2        Vaults (0/5) D:13
 Depths: D:15

Altars:
Makhleb
Okawaru
Qazlal
Beogh

Shops:
D:11 *   D:12 (   D:14 [   Orc:2 !![=

Portals:
Trove: D:11 (give +6 fire dragon scales)

Annotations:
D:14 2 transporters, bmj180's ghost, adept GrEE


Innate Abilities, Weirdness & Mutations

You have hoof-like feet.
You possess an exceptional clarity of mind.
You are robust. (+10% HP)


Message History

The lightning arcs!
You are struck by lightning.
* * * LOW HITPOINT WARNING * * *
The lightning grounds out.
The eight-headed hydra bites you.
* * * LOW HITPOINT WARNING * * *
The eight-headed hydra bites you but does no damage.
You block the eight-headed hydra's attack.
The eight-headed hydra bites you but does no damage.
The eight-headed hydra barely misses you.
The eight-headed hydra bites you!
* * * LOW HITPOINT WARNING * * *
The eight-headed hydra bites you but does no damage.
You block the eight-headed hydra's attack.
The five-headed hydra bites you but does no damage.
The five-headed hydra bites you!
* * * LOW HITPOINT WARNING * * *
The five-headed hydra bites you but does no damage. x2
You block the five-headed hydra's attack.
You block the insubstantial wisp's attack.
The spriggan druid hits you with a quarterstaff.
You die...

♣♣. ♣≈. ≈≈.♣♣
♣♣ ...♣♣ ♣..
♣...♣ ≈
.≈≈♣≈≈.♣♣♣≈..
♣♣.♣.v≈....≈≈.
♣≈..≈D@D..≈...
♣§§≈iviv.≈≈...
♣...≈.i♣.♣≈..≈.
≈.≈...t ≈. .≈..
♣≈≈.≈.≈ ... ≈≈.
#### ≈≈.....
...≈ ≈.
###}(###≈≈≈...
§≈.≈≈ .
#≈.(.§÷##♣♣...
≈...§.
#####§§.§##


You could see an alligator, an eight-headed hydra, a five-headed hydra, a
spriggan rider, a spriggan druid, a spriggan and 3 insubstantial wisps.

Vanquished Creatures
  Kirke (D:12)
  Louise (D:14)
  2 very ugly things
  A fire dragon (Lair:2)
  4 vault guards (D:13)
  2 ghost crabs
  8 hydras
  15 alligators
  6 two-headed ogres
  3 centaur warriors (D:14)
  An ogre mage (D:13)
  6 orc high priests (Orc:2)
  3 unseen horrors
  2 wizards
  A spriggan druid (Swamp:4)
  4 swamp dragons
  A shambling mangrove (Swamp:2)
  2 deep elf magi
  Pikel (D:9)
  A manticore (D:13)
  2 orc sorcerers
  8 ugly things
  An elephant (D:10)
  2 black mambas
  3 centaur skeletons
  A gargoyle (D:14)
  13 spiny frogs
  2 kobold demonologists
  A rime drake (Lair:4)
  A tengu conjurer (D:11)
  3 komodo dragons
  9 trolls
  13 tyrant leeches
  3 polar bears
  9 bog bodies
  8 slime creatures
  13 blink frogs
  6 hornets
  10 hippogriffs
  3 shadows
  16 yaks
  3 wyverns
  2 spriggans
  A wraith (D:12)
  A fire elemental (Lair:2)
  2 hogs (D:12)
  Grum (D:9)
  16 vampire mosquitoes
  6 basilisks
  Menkaure (D:6)
  3 wargs
  16 insubstantial wisps
  13 swamp worms
  7 water moccasins
  2 soldier ants
  4 porcupines
  8 swamp drakes
  2 hornet zombies
  6 ice beasts
  3 slaves
  An eye of draining (D:13)
  28 orc warriors
  2 sky beasts
  A black bear (D:9)
  3 phantoms
  16 wolves
  15 ogres
  6 crocodiles
  8 centaurs
  A big kobold (D:12)
  15 bullfrogs
  A wyvern skeleton (D:11)
  3 scorpions
  7 killer bees
  3 wights (D:10)
  7 electric eels
  4 howler monkeys
  A bullfrog zombie (D:12)
  3 centaur zombies
  2 lava snakes (Lair:2)
  7 crimson imps
  2 quasits
  47 orc priests
  3 bullfrog skeletons
  7 hounds
  4 iguanas
  22 orc wizards
  11 worker ants
  A hound zombie (D:5)
  2 hound skeletons
  A howler monkey zombie (D:10)
  A worker ant zombie (D:11)
  8 gnolls (D:3)
  13 adders
  2 shadow imps (D:13)
  2 oozes
  3 adder skeletons
  3 worms
  3 dart slugs
  4 leopard geckos
  97 orcs
  7 giant cockroaches
  4 goblins
  11 hobgoblins
  8 jackals
  8 quokkas
  3 ball pythons
  8 bats
  8 frilled lizards
  A jackal skeleton (D:7)
  15 kobolds
  A leopard gecko skeleton (D:7)
  9 rats
742 creatures vanquished.

Vanquished Creatures (others)
  A hornet (Swamp:3)
  A vampire mosquito (Swamp:1)
  An orc wizard (D:12)
  2 orcs
5 creatures vanquished.

Grand Total: 747 creatures vanquished

Notes
Turn   | Place    | Note
-------+----------+-------------------------------------------
     0 | D:1      | harcile the Hill Orc Berserker began the quest for the Orb.
     0 | D:1      | Reached XP level 1. HP: 19/19 MP: 1/1
   114 | D:1      | Reached XP level 2. HP: 9/27 MP: 2/2
   327 | D:1      | Reached XP level 3. HP: 18/33 MP: 3/3
   483 | D:1      | Reached skill level 4 in Long Blades
   752 | D:1      | You fall through a shaft!
   841 | D:2      | Reached ** piety under Trog
  1114 | D:2      | Reached XP level 4. HP: 27/40 MP: 4/4
  1768 | D:3      | Reached XP level 5. HP: 44/47 MP: 5/5
  2114 | D:3      | Reached *** piety under Trog
  2114 | D:3      | Reached skill level 5 in Long Blades
  2215 | D:3      | Reached XP level 6. HP: 18/55 MP: 6/6
  2627 | D:4      | Reached skill level 5 in Fighting
  2904 | D:4      | Reached skill level 6 in Long Blades
  2925 | D:4      | Found a burning altar of Makhleb.
  2996 | D:4      | Reached skill level 1 in Stealth
  3070 | D:4      | Reached XP level 7. HP: 61/61 MP: 7/7
  3383 | D:5      | Entered Level 5 of the Dungeon
  3953 | D:5      | Reached skill level 7 in Long Blades
  4213 | D:5      | Reached XP level 8. HP: 60/70 MP: 8/8
  4489 | D:6      | Reached **** piety under Trog
  4553 | D:6      | Found a stormy altar of Qazlal.
  4559 | D:6      | Reached skill level 8 in Long Blades
  4559 | D:6      | Reached skill level 5 in Armour
  5030 | D:6      | Noticed Menkaure
  5038 | D:6      | Killed Menkaure
  5714 | D:7      | Reached XP level 9. HP: 78/78 MP: 9/9
  6041 | D:7      | Reached skill level 9 in Long Blades
  6116 | D:7      | Found a staircase to the Ecumenical Temple.
  6125 | D:7      | Got a fine plate armour
  6138 | D:7      | Identified the +10 plate armour "Semoz" {rF+ rC+} (You
                  | found it on level 7 of the Dungeon)
  7135 | D:8      | You fall through a shaft for 2 floors!
  7135 | D:10     | Entered Level 10 of the Dungeon
  7170 | D:9      | Noticed Grum
  7180 | D:9      | Reached skill level 10 in Long Blades
  7182 | D:9      | Noticed Pikel
  7183 | D:9      | Killed Grum
  7257 | D:10     | Reached ***** piety under Trog
  7265 | D:10     | Reached XP level 10. HP: 87/88 MP: 10/10
  8010 | D:9      | Killed Pikel
  8010 | D:9      | Reached skill level 11 in Long Blades
  8592 | D:10     | Noticed an elephant
  8709 | D:10     | Found a staircase to the Lair.
  8969 | D:10     | Killed an elephant
  9084 | D:10     | Found an iron altar of Okawaru.
  9482 | D:9      | Gained mutation: Your body sometimes deteriorates upon
                  | taking damage. [potion of mutation]
  9482 | D:9      | Gained mutation: You have large cloven feet. [potion of
                  | mutation]
  9482 | D:9      | Gained mutation: You possess an exceptional clarity of
                  | mind. [potion of mutation]
  9483 | D:9      | Lost mutation: Your body sometimes deteriorates upon taking
                  | damage. [potion of mutation]
  9483 | D:9      | Gained mutation: You are robust. (+10% HP) [potion of
                  | mutation]
  9483 | D:9      | Gained mutation: You have hoof-like feet. [potion of
                  | mutation]
  9528 | D:10     | Noticed a two-headed ogre
  9540 | D:10     | Killed a two-headed ogre
  9540 | D:10     | Reached skill level 10 in Fighting
  9540 | D:10     | Reached skill level 12 in Long Blades
  9540 | D:10     | Reached XP level 11. HP: 79/108 MP: 11/11
  9831 | D:11     | Found a portal to a secret trove of treasure.
 10221 | D:11     | Found a staircase to the Orcish Mines.
 10241 | D:11     | Got a brightly glowing flail
 10257 | D:11     | Reached skill level 13 in Long Blades
 10627 | D:11     | Reached skill level 10 in Armour
 10682 | D:11     | Noticed a purple ugly thing
 10690 | D:11     | Killed a purple ugly thing
 10872 | D:11     | Found Tichuet's Assorted Antiques.
 10918 | D:11     | Bought a scroll of remove curse for 99 gold pieces
 10922 | D:11     | Identified the +4 flail "Jidgh" {protect, rC++} (You found
                  | it on level 11 of the Dungeon)
 11086 | D:12     | Received a gift from Trog
 11191 | D:12     | Found Iplu's Antique Weapon Emporium.
 11248 | D:12     | Noticed a cyan ugly thing
 11260 | D:12     | Killed a cyan ugly thing
 11266 | D:12     | Noticed a brown ugly thing
 11464 | D:12     | Killed a brown ugly thing
 11533 | D:12     | Noticed a sixfirhy
 11535 | D:12     | Reached skill level 14 in Long Blades
 11535 | D:12     | Reached XP level 12. HP: 121/121 MP: 12/12
 11930 | D:13     | Noticed a two-headed ogre
 11930 | D:13     | Noticed a two-headed ogre
 11931 | D:13     | Noticed Kirke
 12117 | D:13     | Noticed a two-headed ogre
 12123 | D:13     | Killed a two-headed ogre
 12131 | D:13     | Noticed a two-headed ogre
 12132 | D:13     | Noticed an ogre mage
 12176 | D:12     | Killed Kirke
 12272 | D:13     | Killed a two-headed ogre
 12272 | D:13     | Reached skill level 15 in Long Blades
 12274 | D:13     | Killed a two-headed ogre
 12281 | D:12     | Killed a two-headed ogre
 12655 | D:13     | Killed an ogre mage
 12960 | D:13     | Found a gate to the Vaults.
 12960 | D:13     | Noticed a vault guard
 12960 | D:13     | Noticed a vault guard
 12960 | D:13     | Noticed a vault guard
 12962 | D:13     | Noticed a vault guard
 13008 | D:13     | Killed a vault guard
 13012 | D:13     | Killed a vault guard
 13012 | D:13     | Reached XP level 13. HP: 130/130 MP: 13/13
 13025 | D:13     | Killed a vault guard
 13029 | D:13     | Reached skill level 16 in Long Blades
 13342 | D:13     | Killed a vault guard
 13342 | D:13     | Received a gift from Trog
 13426 | D:14     | Noticed a yaktaur captain
 13426 | D:14     | Noticed bmj180's ghost (adept GrEE)
 13428 | D:14     | Noticed a storm dragon
 13442 | D:14     | Found a transporter.
 13516 | D:14     | Found a transporter.
 13577 | D:14     | Found Fuojifoq's Armour Boutique.
 13951 | D:14     | Reached skill level 17 in Long Blades
 14040 | D:14     | Noticed Louise
 14051 | D:14     | Killed Louise
 14216 | D:15     | Entered Level 15 of the Dungeon
 14377 | Orc:1    | Entered Level 1 of the Orcish Mines
 14419 | Orc:1    | Reached ****** piety under Trog
 14502 | Orc:1    | Found a roughly hewn altar of Beogh.
 14714 | Orc:1    | Received a gift from Trog
 14870 | Orc:2    | Entered Level 2 of the Orcish Mines
 15011 | Orc:2    | Found a staircase to the Elven Halls.
 15210 | Orc:2    | Reached XP level 14. HP: 80/143 MP: 14/14
 15215 | Orc:2    | Found Hedix's Distillery.
 15215 | Orc:2    | Found Axoqase's Distillery.
 15264 | Orc:2    | Bought a potion of heal wounds for 75 gold pieces
 15264 | Orc:2    | Bought a potion of mutation for 120 gold pieces
 15264 | Orc:2    | Bought a potion of heal wounds for 75 gold pieces
 15302 | Orc:2    | Bought a potion of mutation for 112 gold pieces
 15620 | Orc:2    | Found Yteteynu's Jewellery Boutique.
 15620 | Orc:2    | Found Umpeidit's Armour Shoppe.
 15653 | Orc:2    | Bought the ring "Gimmycem" {MR+ Str+2} for 506 gold pieces
 15653 | Orc:2    | Bought an uncursed ring of see invisible for 210 gold
                  | pieces
 15762 | Orc:2    | Found a roughly hewn altar of Beogh.
 15887 | Orc:2    | Found a roughly hewn altar of Beogh.
 16284 | D:10     | Received a gift from Trog
 16316 | Lair:1   | Entered Level 1 of the Lair of Beasts
 16420 | Lair:1   | Reached skill level 18 in Long Blades
 17201 | Lair:2   | Reached skill level 1 in Shields
 18007 | Lair:3   | Found a hole to the Spider Nest.
 18072 | Lair:3   | Reached skill level 15 in Fighting
 19304 | Lair:4   | Found a staircase to the Swamp.
 19576 | Swamp:1  | Entered Level 1 of the Swamp
 19592 | Lair:4   | Received a gift from Trog
 19595 | Lair:4   | Got a jewelled long sword {god gift}
 19596 | Lair:4   | Identified the +8 long sword of the Living Dead {freeze,
                  | -Tele rN+ Int+8} (Trog gifted it to you on level 4 of the
                  | Lair of Beasts)
 19707 | Swamp:1  | Reached skill level 5 in Shields
 19720 | Swamp:1  | Reached XP level 15. HP: 155/155 MP: 15/15
 21158 | Swamp:2  | Received a gift from Trog
 21778 | Swamp:2  | Upgraded the game from 0.22.0-75-g3901e79 to
                  | 0.22.1-1-ga44c0e5
 21912 | Swamp:3  | Paralysed by a hornet for 1 turns
 22838 | Swamp:3  | HP: 9/237 [poisoned by a swamp dragon (poison gas)]
 22839 | Swamp:3  | HP: 2/158 [poisoned by a swamp dragon (poison gas)]
 23352 | Swamp:4  | Entered Level 4 of the Swamp
 23378 | Swamp:4  | Got a heavy robe
 24034 | Swamp:4  | Reached XP level 16. HP: 166/166 MP: 16/16
 24289 | Swamp:4  | HP: 2/167 [five-headed hydra (9)]
 24289 | Swamp:4  | Slain by a spriggan druid

Skill      XL: |  1  2  3  4  5  6  7  8  9 10 11 12 13 14 15 16 |
---------------+-------------------------------------------------+-----
Fighting       | 4 5 6 7 10 11 12 13 15 16 | 16.3
Long Blades    | 4 5 6 7 8 10 12 14 15 17 18 | 18.9
Dodging        | 2 3 4 |  4.6
Armour         | 3 4 6 8 9 10 11 12 13 | 13.9
Stealth        | 1 |  1.9
Shields        | 5 8 9 |  9.3

Action                   |  1- 3 |  4- 6 |  7- 9 | 10-12 | 13-15 | 16-18 || total
-------------------------+-------+-------+-------+-------+-------+-------++-------
Melee: Falchion          |   117 |   196 |   409 |   358 |       |       ||  1080
       Triple sword      |       |       |    62 |   307 |   206 |       ||   575
       Kick              |       |       |       |   163 |   124 |       ||   287
       Double sword      |       |       |       |       |  1135 |    54 ||  1189
Invok: Berserk           |     2 |     7 |    11 |    13 |    12 |     1 ||    46
  Use: Scroll            |       |       |       |    20 |    12 |     2 ||    34
       Potion            |       |       |       |     5 |     6 |     2 ||    13
 Stab: Sleeping          |     1 |       |       |       |       |       ||     1
  Eat: Chunk             |     3 |    12 |    18 |    29 |    42 |     1 ||   105
       Ration            |       |       |     2 |     1 |     2 |     1 ||     6
Armor: Animal skin       |    17 |       |       |       |       |       ||    17
       Leather armour    |    25 |    42 |     5 |       |       |       ||    72
       Plate armour      |       |       |   246 |   681 |  1230 |    93 ||  2250
       Chain mail        |       |       |     7 |       |       |       ||     7
       Skin              |       |       |       |    11 |       |       ||    11
Dodge: Dodged            |    98 |   137 |   213 |   347 |   466 |    24 ||  1285
Block: Shield            |       |       |       |       |   322 |       ||   322
       Large shield      |       |       |       |       |   327 |    76 ||   403
       Rpst.: Falchion   |    27 |    47 |    52 |    23 |       |       ||   149
       Triple sword      |       |       |    15 |    71 |    31 |       ||   117
       Double sword      |       |       |       |       |    77 |     3 ||    80
